 Dungeon Crawl Stone Soup version 0.27-a0-597-g524d869a0f (webtiles) character file.

Game seed: 6474804492937745380

8282 siradein the Scorcher (level 11, 0/74 HPs)
             Began as a Hill Orc Fire Elementalist on Mar 11, 2021.
             Was an Initiate of Qazlal.
             Slain by an orc warrior
             ... wielding a +2 vampiric hand axe
             ... led by the wrath of Beogh
              (12 damage)
             ... on level 8 of the Dungeon on Mar 12, 2021.
             The game lasted 00:40:21 (12884 turns).

siradein the Scorcher (Hill Orc Fire Elementalist) Turns: 12884, Time: 00:40:21

Health: 0/74       AC:  6    Str: 12    XL:     11   Next: 28%
Magic:  14/17      EV: 13    Int: 21    God:    Qazlal [......]
Gold:   634        SH:  0    Dex: 11    Spells: 7/18 levels left

rFire    . . .     SeeInvis .   E - +11 great sword "Trog's Wrath" {drain, rElec rN+ Int+3}
rCold    . . .     Faith    .   (shield currently unavailable)
rNeg     + . .     Spirit   .   a - +0 robe
rPois    .         Reflect  .   (no helmet)
rElec    +         Harm     .   q - scarf {repulsion}
rCorr    +         Rampage  .   D - +0 pair of gloves "Ygaej" {Will+}
Will     +....                  u - +2 pair of boots
Stlth    ++........             p - amulet of magic regeneration
HPRegen  0.22/turn              c - ring of resist corrosion
MPRegen  0.40/turn              (no ring)

@: repel missiles
A: no striking features
a: Renounce Religion


You were on level 8 of the Dungeon.
You worshipped Qazlal.
Qazlal was noncommittal.
You visited 2 branches of the dungeon, and saw 10 of its levels.

You collected 634 gold pieces.

Inventory:

Hand Weapons
 E - the +11 great sword "Trog's Wrath" (weapon) {drain, rElec rN+ Int+3}
   (You found it on level 8 of the Dungeon)

   A truly terrible weapon, it drains the life of those it strikes.
   It affects your intelligence (+3).
   It insulates you from electricity.
   It protects you from negative energy.
Armour
 a - a +0 robe (worn)
 d - a +2 kite shield of protection
 q - a scarf of repulsion (worn)
 s - a +0 buckler
 u - a +2 pair of boots (worn)
 D - the +0 pair of gloves "Ygaej" (worn) {Will+}
   (You found it on level 7 of the Dungeon)

   It affects your willpower, your defense against some magical effects.
Jewellery
 c - a ring of resist corrosion (right hand)
 p - an amulet of magic regeneration (around neck)
 y - a ring of flight
Wands
 g - a wand of polymorph (10)
 w - a wand of flame (33)
 A - a wand of mindburst (9)
 B - a wand of charming (9)
 F - a wand of acid (7)
Scrolls
 b - a scroll of magic mapping
 i - 8 scrolls of teleportation
 j - 2 scrolls of immolation
 l - a scroll of enchant weapon {unknown}
 n - a scroll of amnesia
 r - 3 scrolls of enchant armour {unknown}
 t - a scroll of brand weapon {unknown}
 v - a scroll of identify
 x - 2 scrolls of fear {unknown}
 C - a scroll of fog {unknown}
Potions
 e - 2 potions of might
 f - 2 potions of flight
 h - 2 potions of magic
 k - 2 potions of haste
 m - 2 potions of brilliance
 o - 6 potions of curing
 z - 2 potions of mutation {unknown}


   Skills:
 + Level 4.8 Dodging
 - Level 1.5 Stealth
 + Level 4.4 Spellcasting
 - Level 1.0 Conjurations
 + Level 16.2 Fire Magic
 + Level 7.2 Invocations


You had 7 spell levels left.
You knew the following spells:

 Your Spells              Type           Power      Damage    Failure   Level
a - Foxfire               Conj/Fire      100%       2x1d9     1%          1
b - Conjure Flame         Conj/Fire      41%        6-21      1%          3
c - Inner Flame           Hex/Fire       38%        N/A       1%          3
d - Sticky Flame          Conj/Fire      41%        2d6       3%          4

Your spell library contained the following spells:

 Spells                   Type           Power      Damage    Failure   Level
 Magic Dart               Conj           32%        1d4       8%          1
 Fireball                 Conj/Fire      20%        3d10      9%          5
 Searing Ray              Conj           16%        3d3       12%         2
 Dazzling Flash           Conj/Hex       12%        N/A       28%         3
 Fulminant Prism          Conj/Hex       3%         3d6       67%         4
 Iskenderun's Mystic Bla  Conj/Tloc      6%         2d4       67%         4


Dungeon Overview and Level Annotations

Branches:
Dungeon (9/15)             Temple (1/1) D:7            Lair (0/6) D:8
    Orc (0/2) D:9

Altars:
Ashenzari
Cheibriados
Dithmenos
Elyvilon
Fedhas
Gozag
Hepliaklqana
Kikubaaqudgha
Makhleb
Nemelex Xobeh
Okawaru
Qazlal
Ru
Sif Muna
Trog
Uskayaw
Vehumet
Wu Jian
Xom
Yredelemnul
Zin
The Shining One

Shops:
D:4 =

Annotations:
D:9 2 transporters, sahdkjhfkaj's ghost, novice MiAK


Message History

The troll is moderately wounded.
Casting: Foxfire (safe; 1% risk of failure)
Confirm with . or Enter, or press ? or * to list all spells.
Aiming: Inner Flame (safe; 1% risk of failure)
Press: ? - help, Shift-Dir - straight line, f - orc warrior
Aim: an orc warrior, wielding a +2 vampiric hand axe and wearing a +0 plate armour (durably summoned, strong, chance to affect: 89%)
The orc warrior is filled with an inner flame.
Casting: Foxfire (safe; 1% risk of failure)
Press: ? - help, Q - select action, (/) - cycle Dir - look around, f - activate You conjure some foxfire!
The orc warlord roars a battlecry!
The orc warrior goes into a battle-frenzy!
You hear a shout!
The orc warrior no longer looks unusually strong.
The foxfire hits the orc warrior but does no damage. x2
The orc warlord roars a battlecry!
The orc warrior goes into a battle-frenzy!
Casting: Foxfire (safe; 1% risk of failure)
Press: ? - help, Q - select action, (/) - cycle Dir - look around, f - activate You conjure some foxfire!
The orc priest calls upon Beogh to heal the orc warlord.
The orc warlord is healed somewhat.
You hear a shout! x2
The foxfire hits the orc warrior but does no damage. x2
Casting: Foxfire (safe; 1% risk of failure)
Press: ? - help, Q - select action, (/) - cycle Dir - look around, f - activate You conjure some foxfire!
The orc priest no longer looks unusually strong.
The foxfire hits the orc warrior but does no damage. x2
There is a stone staircase leading up here.
The orc warrior hits you with a +2 vampiric hand axe!!
* * * LOW HITPOINT WARNING * * *
The orc priest shouts, "Join the one true god or die!"
You climb upwards.
There is a stone staircase leading down here.
Casting: Foxfire (safe; 1% risk of failure)
Press: ? - help, Q - select action, (/) - cycle Dir - look around, f - activate You conjure some foxfire!
The orc warrior hits you with a +2 vampiric hand axe!
You die...

#...).....# #.........#
#.<...[.[.# #....[[)..# ####
### ##........# ##..# ..#
#.........# #...# #.###
#........)# #.#.#
#...#######...)..v>.# #.#.#
###.......#.....@o..# ##.#.#
#########.......v...#####..#.#
.### ####....[.......[....#
...#########.................#
##..##.......######..........#
.......####### #.....[....#
............#######...##.###.#
........###)(...##...........#
........# ##....##...........#


You could see an orc warrior (inner flame, strong, ally target).

Vanquished Creatures
  2 two-headed ogres (D:7)
  3 death yaks (D:8)
  Psyche (D:8)
  Sigmund (D:4)
  6 yaks
  An orc warrior (D:8)
  Duvessa (D:7)
  2 ice beasts
  3 sky beasts
  5 ogres
  3 centaurs
  A phantom (D:7)
  6 bullfrogs
  Dowan (D:7)
  3 scorpions
  7 wights
  3 howler monkeys
  3 bullfrog zombies
  A centaur zombie (D:7)
  A jelly (D:8)
  An orc priest (D:8)
  7 hounds
  A bullfrog skeleton (D:8)
  3 iguanas
  5 orc wizards
  3 worker ants
  A hound zombie (D:8)
  4 gnolls
  10 adders
  A shadow imp (D:9)
  A white imp (D:5)
  An ufetubus (D:5)
  An adder skeleton (D:4)
  2 dart slugs
  4 leopard geckos
  28 orcs
  4 bats
  5 giant cockroaches
  12 goblins
  9 hobgoblins
  9 jackals
  7 quokkas
  4 ball pythons
  4 frilled lizards
  3 kobolds
  9 rats
  A spectral orc (D:3)
194 creatures vanquished.

Vanquished Creatures (collateral kills)
  2 orc wizards (D:9)
  3 orcs (D:9)
5 creatures vanquished.

Vanquished Creatures (others)
  An orc priest (D:3)
  An orc (D:9)
  639 foxfires
641 creatures vanquished.

Grand Total: 840 creatures vanquished

Notes
Turn   | Place    | Note
-------+----------+-------------------------------------------
     0 | D:1      | siradein the Hill Orc Fire Elementalist began the quest for
                  | the Orb.
     0 | D:1      | Reached XP level 1. HP: 14/14 MP: 3/3
   417 | D:1      | Reached XP level 2. HP: 20/20 MP: 1/4
   542 | D:1      | Reached skill level 4 in Fire Magic
  1142 | D:1      | Reached XP level 3. HP: 26/26 MP: 3/5
  1597 | D:2      | Reached skill level 5 in Fire Magic
  1712 | D:2      | Found an iron altar of Okawaru.
  1829 | D:2      | Found a white marble altar of Elyvilon.
  1841 | D:2      | Found an ornate altar of the Wu Jian Council.
  1841 | D:2      | Found an opulent altar of Gozag.
  1868 | D:2      | Reached XP level 4. HP: 33/33 MP: 4/6
  1896 | D:2      | Found a faded altar of an unknown god.
  2667 | D:3      | Became a worshipper of Beogh the Brigand
  2909 | D:3      | Learned a level 3 spell: Conjure Flame
  2933 | D:3      | Reached skill level 6 in Fire Magic
  3093 | D:3      | Reached XP level 5. HP: 38/38 MP: 5/7
  3801 | D:3      | Found a basalt altar of Yredelemnul.
  3922 | D:4      | Noticed Sigmund
  3938 | D:5      | Entered Level 5 of the Dungeon
  3947 | D:5      | Reached skill level 7 in Fire Magic
  4093 | D:5      | Reached XP level 6. HP: 45/45 MP: 6/8
  4255 | D:5      | Reached skill level 8 in Fire Magic
  4350 | D:5      | Reached * piety under Beogh
  4351 | D:5      | Reached XP level 7. HP: 31/50 MP: 9/9
  4489 | D:5      | Found a blossoming altar of Fedhas.
  4489 | D:5      | Found a sacrificial altar of Ru.
  4594 | D:5      | Reached skill level 9 in Fire Magic
  4814 | D:5      | Learned a level 3 spell: Inner Flame
  4817 | D:5      | Learned a level 1 spell: Foxfire
  4820 | D:5      | Reached skill level 15 in Fire Magic
  4820 | D:5      | Reached XP level 8. HP: 51/57 MP: 10/10
  5123 | D:4      | Killed Sigmund
  5210 | D:4      | Reached skill level 1 in Invocations
  5227 | D:4      | Found Yrafrilaus's Jewellery Boutique.
  5236 | D:4      | Found an ancient bone altar of Kikubaaqudgha.
  6100 | D:6      | Reached XP level 9. HP: 62/62 MP: 5/12
  6707 | D:7      | Noticed Duvessa
  6717 | D:7      | Killed Duvessa
  7043 | D:7      | Found a staircase to the Ecumenical Temple.
  7087 | D:7      | Reached ** piety under Beogh
  7098 | D:7      | Found a flagged portal.
  7213 | D:7      | Identified the +0 pair of gloves "Ygaej" {Will+}
  7349 | D:7      | Noticed Dowan
  7355 | D:7      | Killed Dowan
  7633 | D:7      | Noticed a two-headed ogre
  7686 | D:7      | Killed a two-headed ogre
  8844 | D:8      | Found a hazy altar of Hepliaklqana.
  8864 | D:8      | Noticed a death yak
  8917 | D:8      | Found a staircase to the Lair.
  8917 | D:8      | Noticed a death yak
  8917 | D:8      | Noticed a death yak
  8934 | D:7      | HP: 2/62 [yak (7)]
  9015 | D:7      | Reached XP level 10. HP: 28/69 MP: 12/14
  9221 | D:8      | Noticed a two-headed ogre
  9636 | D:6      | Learned a level 4 spell: Sticky Flame
  9675 | D:7      | Killed a two-headed ogre
  9676 | D:7      | Reached skill level 5 in Invocations
 10484 | D:8      | Killed a death yak
 10485 | D:8      | Reached skill level 16 in Fire Magic
 10525 | D:8      | Found a shimmering blue altar of Sif Muna.
 10673 | D:8      | Killed a death yak
 10674 | D:8      | Reached XP level 11. HP: 44/74 MP: 1/17
 10840 | D:8      | Killed a death yak
 11102 | D:8      | Identified the +11 great sword "Trog's Wrath" {drain, rElec
                  | rN+ Int+3}
 11148 | D:8      | Found a hide-covered altar of Uskayaw.
 11182 | D:8      | Found a burning altar of Makhleb.
 11297 | D:9      | Noticed Psyche
 11344 | D:8      | Killed Psyche
 11493 | D:9      | Found a transporter.
 11495 | D:9      | Found a transporter.
 11496 | D:9      | Noticed sahdkjhfkaj's ghost (novice MiAK)
 11590 | D:9      | Found a staircase to the Orcish Mines.
 11606 | D:9      | Reached *** piety under Beogh
 11617 | D:9      | Found a shadowy altar of Dithmenos.
 11912 | D:9      | Was placed under penance by Beogh
 12021 | D:9      | Noticed an orc warlord
 12365 | Temple   | Entered the Ecumenical Temple
 12452 | Temple   | Fell from the grace of Beogh
 12452 | Temple   | Became a worshipper of Qazlal Stormbringer
 12884 | D:8      | Slain by an orc warrior

Illustrated notes

Levels and vault maps discovered:
D:1:      dpeg_arrival_simpleton_b, layout_basic, lemuel_another_geyser
D:2:      layout_loops_ring, grunt_temple_overflow_open,
          chequers_ecumenical_altar_island, dk_noncrumbling_3,
          kennysheep_okawaru_gauntlet
D:3:      layout_basic, yredelemnul_forgotten_temple_becter
D:4:      layout_basic, kennysheep_mini, grunt_ministairs_13,
          minmay_shop_enchanted_jewellery, uniq_sigmund
D:5:      layout_rooms, gammafunk_temple_overflow_wave,
          hangedman_abyss_or_decor_slice
D:6:      layout_basic
D:7:      minmay_bubble_buster, layout_layer_cave, minmay_temple_entry_glass,
          enter_bailey_3, uniq_duvessa
D:8:      layout_rooms, nicolae_overflow_crystal_walls, kennysheep_mini_moat,
          kennysheep_little_box, lemuel_doored_altar, dpeg_lair_monsters
D:9:      layout_irregular_city, nicolae_overflow_hidden_temple, orc_0_dummy,
          gammafunk_ghost_hive, library_closet, uniq_psyche
Temple:   zaba_magenta_temple

Skill      XL: |  1  2  3  4  5  6  7  8  9 10 11 |
---------------+----------------------------------+-----
Fire Magic     | 4 5 6 7 8 15 16 | 16.2
Invocations    | 1 4 6 7 |  7.2
Dodging        | 2 3 4 |  4.8
Spellcasting   | 2 3 4 |  4.4
Stealth        | |  1.5
Conjurations   | |  1.0

Action                   |  1- 3 |  4- 6 |  7- 9 | 10-12 || total
-------------------------+-------+-------+-------+-------++-------
Melee: Unarmed           |     4 |     7 |       |       ||    11
       Flail             |       |     4 |       |       ||     4
       Great sword       |       |       |       |    32 ||    32
 Cast: Foxfire           |    60 |    83 |   117 |   111 ||   371
       Inner Flame       |       |       |    27 |    29 ||    56
       Sticky Flame      |       |       |       |    16 ||    16
       Conjure Flame     |       |       |       |     6 ||     6
Invok: Convert to Beogh  |       |     1 |       |       ||     1
  Use: Scroll            |       |       |    13 |     2 ||    15
       Potion            |       |       |     2 |       ||     2
 Stab: Sleeping          |       |       |       |     1 ||     1
Armor: Robe              |    23 |    18 |    31 |    33 ||   105
Dodge: Dodged            |    43 |    48 |    60 |    78 ||   229
       Repelled          |       |       |       |     1 ||     1
       Rpst.: Great sword |       |       |       |    13 ||    13

Table legend: (Time is in decaauts)
 A = Elapsed time spent in this place.
 B = Non-inter-level travel time spent in this place.
 C = Inter-level travel time spent in this place.
 D = Time resting spent in this place.
 E = Time spent auto-exploring this place.
 F = Levels seen in this place.
 G = Mean time per level.
                   A        B        C        D        E       F      G
               +--------+--------+--------+--------+--------+-----+--------+
         Total |  12912 |  12658 |    254 |   1241 |   8610 |  10 | 1291.2 |
       Dungeon |  12809 |  12556 |    253 |   1241 |   8556 |   9 | 1423.2 |
        Temple |    102 |    102 |      0 |      0 |     54 |   1 |  102.0 |
               +--------+--------+--------+--------+--------+-----+--------+

Top non-repeatable levels by time:
     D:7: 2749 daAuts
     D:8: 1833 daAuts
     D:6: 1633 daAuts
     D:2: 1400 daAuts
     D:1: 1369 daAuts
     D:3: 1077 daAuts
     D:5: 1050 daAuts
     D:9: 1020 daAuts
     D:4: 676 daAuts
  Temple: 102 daAuts
